 Dungeon Crawl Stone Soup version 0.25.1-2-g60ff931 (webtiles) character file.

Game seed: 6678274018992526587

91 Atlas the Chiller (level 4, -2/32 HPs)
             Began as a Mummy Ice Elementalist on Sept 8, 2020.
             Slain by Robin
             ... wielding a +0 mace
              (3 damage)
             ... on level 2 of the Dungeon.
             The game lasted 00:02:47 (2541 turns).

Atlas the Chiller (Mummy Ice Elementalist)          Turns: 2541, Time: 00:02:48

Health: -2/32      AC:  2    Str: 11    XL:     4   Next: 34%
Magic:  1/10       EV: 12    Int: 15    God:
Gold:   74         SH:  0    Dex: 12    Spells: 7/11 levels left

rFire    x . .     SeeInvis .   (no weapon)
rCold    + . .     Gourm    .   (no shield)
rNeg     + + +     Faith    .   a - +0 robe
rPois    ∞         Spirit   .   (no helmet)
rElec    .         Reflect  .   (no cloak)
rCorr    .         Harm     .   (no gloves)
MR       +....                  (no boots)
Stlth    ++........             (no amulet)
HPRegen  0.10/turn              c - ring of protection from magic
MPRegen  0.12/turn              e - ring of wizardry

@: no status effects
A: no food or potions, fire vulnerability, cold resistance 1, negative energy
resistance 3, torment resistance, unbreathing
a: no special abilities


You were on level 2 of the Dungeon.
You were not hungry.

You visited 1 branch of the dungeon, and saw 2 of its levels.

You collected 74 gold pieces.

Inventory:

Armour
 a - a +0 robe (worn)
Jewellery
 c - a ring of protection from magic (left hand)
 e - a ring of wizardry (right hand)
Scrolls
 b - 2 scrolls of identify {unknown}
 d - 2 scrolls of remove curse
 f - a scroll of fog


   Skills:
 + Level 1.0 Fighting
 + Level 1.6 Dodging
 + Level 1.7 Stealth
 + Level 4.0 Spellcasting
 + Level 4.1 Ice Magic


You had 7 spell levels left.
You knew the following spells:

 Your Spells              Type           Power        Failure   Level  Hunger
a - Freeze                Ice            ###.         1%          1    N/A
b - Frozen Ramparts       Ice            ###...       4%          3    N/A

Your spell library contained the following spells:

 Spells                   Type           Power        Failure   Level  Hunger
 Ozocubu's Armour         Chrm/Ice       #.......     10%         3    N/A
 Hailstorm                Conj/Ice       #.......     30%         4    N/A
 Summon Ice Beast         Ice/Summ       #.......     30%         4    N/A

Dungeon Overview and Level Annotations

Branches:
Dungeon (2/15)

Altars:

Annotations:
D:2 Robin


Innate Abilities, Weirdness & Mutations

You do not eat or drink.
Your flesh is vulnerable to fire.
You are immune to poison.
Your flesh is cold resistant. (rC+)
You are immune to negative energy. (rN+++)
You are immune to unholy pain and torment.
You can survive without breathing.


Message History

You aren't carrying any items that you can evoke.
As you read the scroll labeled NEINAC JAZU, it crumbles to dust.
You feel blessed for a moment.
It was a scroll of remove curse.
The goblin hits you but does no damage. The goblin barely misses you.
As you read the scroll labeled WOLAPR RUEGYE, it crumbles to dust.
The scroll dissolves into smoke.
It was a scroll of fog.
The goblin no longer looks unusually strong.
The goblin hits you but does no damage. x2
The goblin hits you with a +0 dagger.
* * * LOW HITPOINT WARNING * * *
Unknown command.
Casting: Freeze (safe; 1% risk of failure)
Confirm with . or Enter, or press ? or * to list all spells.
Aiming: Freeze (safe; 1% risk of failure)
Press: ? - help, Shift-Dir - straight line, f/p - Robin
Aim: Robin, wielding a +0 mace, wearing a +0 animal skin and wearing a +0 helmet (grey smoke, almost dead)
You freeze Robin.
Robin is almost dead.
The goblin hits you but does no damage. Robin hits you with a +0 mace.
You die...

......######... ##...## ##...##
...........##'#######'#######(###
......####...(.............))....
......gg.........................
#########g..†)†..............(...
...........##)#######'#######'##.
†.........##.§g## ##...## ##...##
.........##..§§g###.....###..†..#
#....#.###...§gg@#.......#.......
...<.....#...§§gg#.......#.......
#.#.##.#.#...!...#...%...#.......
#.#......##.....###.....###.....#
#.####...###...##.##...## ##...##
#.# #...#>#####...##### ########
#.# #...#..........# #....... #.
#...#.###.####.# #.######
#...#.#........# #.#


You could see Robin, a hobgoblin (strong) and 4 goblins.

Vanquished Creatures
  3 adders (D:2)
  2 oozes (D:1)
  2 dart slugs (D:2)
  A leopard gecko (D:2)
  4 giant cockroaches
  8 goblins
  7 hobgoblins
  A jackal (D:2)
  5 kobolds
  A quokka (D:2)
  A ball python (D:2)
  4 bats
  2 frilled lizards (D:2)
  6 rats
47 creatures vanquished.

Notes
Turn   | Place    | Note
-------+----------+-------------------------------------------
     0 | D:1      | Atlas the Mummy Ice Elementalist began the quest for the
                  | Orb.
     0 | D:1      | Reached XP level 1. HP: 13/13 MP: 4/4
   138 | D:1      | Reached XP level 2. HP: 3/19 MP: 0/6
  1089 | D:1      | Reached XP level 3. HP: 22/24 MP: 3/7
  1094 | D:1      | Learned a level 3 spell: Frozen Ramparts
  2266 | D:2      | Reached XP level 4. HP: 31/31 MP: 6/9
  2501 | D:2      | Noticed Robin
  2517 | D:2      | Reached skill level 1 in Fighting
  2539 | D:2      | HP: 1/32 [goblin/+0 dagger[Robin] (2)]
  2541 | D:2      | Slain by Robin

Illustrated notes

Levels and vault maps discovered:
D:1:      lemuel_arrival_behind_the_door_small, layout_loops_ring
D:2:      kennysheep_six_static_rooms, layout_basic, uniq_robin

Skill      XL: |  1  2  3  4 |
---------------+-------------+-----
Spellcasting   | 3 4 |  4.0
Ice Magic      | 4 |  4.1
Fighting       | 1 |  1.0
Dodging        | |  1.6
Stealth        | |  1.7

Action                   |  1- 3 |  4- 6 || total
-------------------------+-------+-------++-------
Melee: Unarmed           |     4 |     4 ||     8
 Cast: Freeze            |    66 |    18 ||    84
       Frozen Ramparts   |       |     1 ||     1
  Use: Scroll            |       |     2 ||     2
Armor: Robe              |     8 |     6 ||    14
Dodge: Dodged            |    35 |    20 ||    55
